Cogmind - Beta 15 @@@ ROGUE MODE // 2025.05.11 @ 17:26:46 Player: PTS Result: Destroyed by D-53 Grenadier with Mini Grenade Launcher Performance ------------- Evolutions (0) 0 Regions Visited (2) 400 Robots Destroyed (27) 135 Value Destroyed (527) 527 Prototype IDs (3) 60 Alien Tech Used (0) 0 Bonus (0) 0 TOTAL SCORE: 1122 Bonus ------- None Cogmind --------- Core Integrity 0/250 Matter 298/300 Energy 100/100 System Corruption 0% Temperature Cool (0) Movement Flying (120) Ox1 Location -10/Mines Parts ------- > --- POWER (1) -------- (None) > --- PROPULSION (2) --- Flight Unit > --- UTILITY (2) ------ Small Storage Unit Seismic Detector > --- WEAPON (2) ------- (None) > --- INVENTORY (8) ---- Light Ion Engine High-capacity Matter Pod (68) Weight Redist. System Sensor Array Signal Interpreter ECM Suite Beam Cannon Grenade Launcher Peak State ------------ > --- POWER ------------ Light Nuclear Core > --- PROPULSION ------- Wheel Compact Wheel > --- UTILITY ---------- Small Storage Unit Seismic Detector > --- WEAPON ----------- Medium Laser Particle Gun > --- INVENTORY -------- Light Ion Engine Light Ion Engine Aluminum Leg Transport Network Coupler EM Pulse Gun Grenade Launcher [Rating: 10] Favorites ----------- Power Light Nuclear Core Engine Light Ion Engine Power Core Light Nuclear Core Propulsion Aluminum Leg Leg Aluminum Leg Wheel Compact Wheel Flight Unit Flight Unit Utility Small Storage Unit Device Seismic Detector Storage Small Storage Unit Weapon Particle Gun Energy Gun Particle Gun Energy Cannon Beam Cannon Ballistic Gun Light Assault Rifle Launcher Grenade Launcher Build | -11 -10 -10 ------- Run | Yrd Mat Min Slots Evolved . | . . . Power . | . . . Propulsion . | . . . Utility . | . . . Weapon . | . . . Parts Attached 20 | 7 7 6 Power 4 | 1 2 1 Engine 3 | 1 1 1 Core 1 | . 1 . Reactor . | . . . Propulsion 6 | 2 2 2 Treads . | . . . Leg 2 | . 2 . Wheel 2 | 2 . . Hover . | . . . Flight 2 | . . 2 Utility 2 | 2 . . Device 1 | 1 . . Storage 1 | 1 . . Processor . | . . . Hackware . | . . . Protection . | . . . Artifact . | . . . Weapon 8 | 2 3 3 Energy Gun 4 | 2 1 1 Energy Cannon 1 | . 1 . Ballistic Gun 2 | . . 2 Ballistic Cannon . | . . . Launcher 1 | . 1 . Special Weapon . | . . . Impact Weapon . | . . . Slashing Weapon . | . . . Piercing Weapon . | . . . Special Melee Weapon . | . . . Unidentified Prototypes . | . . . Parts Lost 9 | . . 9 Power 2 | . . 2 Propulsion 3 | . . 3 Utility . | . . . Weapon 4 | . . 4 Highest Loss Streak 4 | . . 4 To Critical Strikes . | . . . Average Backups 6 | . 5 7 Power . | . 1 1 Propulsion . | . . . Utility 3 | . 1 4 Weapon 1 | . 1 1 Tool/Special . | . . . Unused Backups 8 | . 1 7 Power 1 | . . 1 Propulsion 1 | . . 1 Utility 6 | . 1 5 Weapon . | . . . Tool/Special . | . . . Average Slot Usage (%) 96 | . 100 93 Engine 6 | . 4 7 Core 7 | . 9 6 Leg 18 | . 17 18 Wheel 5 | . 10 . Flight 2 | . . 4 Device 14 | . 14 14 Storage 14 | . 14 14 Energy Gun 18 | . 25 12 Energy Cannon 2 | . 2 2 Ballistic Gun 5 | . . 11 Peak Build Rating 10 | 7 10 10 Average Rating 8 | 5 9 8 On Entrance 5 | . 7 10 Naked Turns . | . . . Heaviest Build 17 | 13 17 17 Greatest Support 26 | 26 26 20 Greatest Overweight (x) 4 | . . 4 Average Overweight (x) . | . . . Largest Inventory Capacity 8 | 8 8 8 Average Capacity 7 | 7 8 8 Most Carried 8 | 2 8 8 Average Carried 6 | . 5 7 Final Capacity 8 | 8 8 8 Final Carried 8 | 1 8 8 Class Distribution -------------------- 78% | Scavenger-Mutant 21% | Mutant Dominant Class ---------------- Scavenger-Mutant | -10/Materials Scavenger-Mutant | -10/Mines Resources | -11 -10 -10 ----------- Run | Yrd Mat Min Matter Collected 569 | 270 60 239 Remotely . | . . . Salvage Created 748 | 52 473 223 Parts 42 | 9 15 18 Haulers Intercepted 2 | . 2 . Recyclers Shooed 1 | . . 1 Parts Field Recycled . | . . . Retrieved Matter . | . . . Parts Self-Destructed . | . . . Prevented . | . . . Kills | -11 -10 -10 ------- Run | Yrd Mat Min Combat Hostiles Destroyed 19 | . 7 12 Guns 13 | . 5 8 Cannons 2 | . . 2 AOE 2 | . . 2 Classes Destroyed 7 | 1 4 2 Builder 1 | . 1 . Tunneler 4 | 3 . 1 Hauler 2 | . 2 . Watcher 2 | . 2 . Swarmer 9 | . . 9 Grunt 9 | . 7 2 Assembled 1 | . . 1 Best Kill Streak 3 | 2 3 3 Combat Bots Only 3 | . 2 3 Max Kills in Single Turn 1 | 1 1 1 Gunslinging . | . . . Exploded 1 | . . 1 Melee . | . . . Uniques/NPCs Destroyed . | . . . Combat | -11 -10 -10 -------- Run | Yrd Mat Min Hostile Shots Fired 104 | . 24 80 Missed 19 | . 11 8 Hits 85 | . 13 72 Melee 2 | . . 2 Projectile 83 | . 13 70 AOE 6 | . . 6 Critical Strikes 1 | . 1 . Damage Taken 977 | . 162 815 Core 254 | . 33 221 Absorbed by Shields . | . . . Core Remaining (%) 100 | 100 . . Volleys Fired 87 | 11 33 43 Largest 2 | 2 2 2 Hottest 125 | 90 115 125 Shots Fired 153 | 12 64 77 Gun 139 | 12 62 65 Cannon 10 | . . 10 Launcher 4 | . 2 2 Special . | . . . Kinetic 28 | . . 28 Thermal 113 | 11 55 47 Explosive 4 | . 2 2 Electromagnetic 8 | 1 7 . Robot Hit Streak 9 | 6 9 7 Robot Miss Streak 10 | 3 2 10 Penetration Max . | . . . Secondary Targets 1 | . . 1 Max Gunslinging Chain 1 | . . 1 Shots Hit Robots 88 | 8 42 38 Core Hits 45 | 3 20 22 Critical Kills . | . . . Critical Parts Destroyed . | . . . Critical Strikes 3 | . 3 . Burn 3 | . 3 . Melee Attacks . | . . . Impact . | . . . Slashing . | . . . Piercing . | . . . Sneak Attacks . | . . . Combat Hostiles . | . . . Follow-up Attacks . | . . . Damage Inflicted 1294 | 120 594 580 Guns 1084 | 92 594 398 Cannons 51 | . . 51 Explosions 159 | 28 . 131 Melee . | . . . Ramming . | . . . Kinetic 143 | . . 143 Thermal 930 | 105 519 306 Explosive 131 | . . 131 Electromagnetic 90 | 15 75 . Impact . | . . . Slashing . | . . . Piercing . | . . . Highest Corruption . | . . . Average Corruption . | . . . Corruption Purged . | . . . Corruption Blocked . | . . . Overload Shots . | . . . Overflow Damage 4 | . . 4 Projectiles . | . . . Explosions 4 | . . 4 Melee . | . . . Knockbacks . | . . . Impact . | . . . Kinetic . | . . . Secondary . | . . . Self-Inflicted Damage 1 | . . 1 Shots 1 | . . 1 Rammed . | . . . Targets Rammed . | . . . Kicked . | . . . Crushed . | . . . Highest Temperature 438 | 50 311 438 Average Temperature 117 | 20 120 129 Received Heat Transfer 214 | . 108 106 Effects 4 | . . 4 Shutdowns 1 | . . 1 Interference 2 | . . 2 Damage (minor) 1 | . . 1 Siege Activations . | . . . Martial Activations . | . . . Shielding Activations . | . . . Robots Disrupted . | . . . Combat Hostiles . | . . . Robots Corrupted . | . . . Combat Hostiles . | . . . Parts Fried . | . . . Impact Corruptions . | . . . Robots Melted 2 | . 2 . Combat Hostiles 2 | . 2 . Parts Melted 10 | . 6 4 Heat Transferred 2590 | 222 1591 777 Parts Sabotaged . | . . . Parts Stolen . | . . . Parts Stripped . | . . . Power Chain Reactions 1 | 1 . . Alert | -11 -10 -10 ------- Run | Yrd Mat Min Maximum Alert Level . | . . . Low Security (%) 100 | 100 100 100 Level 1 . | . . . Level 2 . | . . . Level 3 . | . . . Level 4 . | . . . Level 5 . | . . . High Security . | . . . Max Security . | . . . Peak Influence 65 | 5 50 65 Initial 3 | . . 3 Average 19 | . 16 24 Influence Increases 539 | 15 232 292 Destroy 0b10 Robot/C 360 | . 140 220 Destroy 0b10 Robot/NC 45 | 15 25 5 Destroy Leader 88 | . 48 40 Successful Hack 2 | . 2 . Disable Machine 15 | . . 15 Destroy Structure 29 | . 17 12 Influence Decreases 539 | 15 222 302 Entered New Map 7 | . . 7 Time Decay 486 | 15 222 249 Lost Part 46 | . . 46 Squads Dispatched 1 | . 1 . Investigation . | . . . Extermination . | . . . Reinforcement 1 | . 1 . Assault . | . . . Garrison . | . . . Intercept . | . . . Searches Triggered . | . . . Construction Impeded . | . . . Haulers Reinforced . | . . . Active Scanning Responses . | . . . Cargo Convoy Interrupts . | . . . Stealth | -11 -10 -10 --------- Run | Yrd Mat Min Distress Signals 2 | . 2 . Communications Jammed . | . . . Distress Signals . | . . . Times Spotted 32 | . 13 19 Peak Tracking Total 5 | . 3 5 Tactical Retreats . | . . . Traps | -11 -10 -10 ------- Run | Yrd Mat Min Traps Triggered . | . . . Indirectly . | . . . Trap Hack Attempts . | . . . Triggered . | . . . Disarmed . | . . . Reprogrammed . | . . . Reused . | . . . Traps Extracted . | . . . Installed . | . . . Triggered . | . . . Machines | -11 -10 -10 ---------- Run | Yrd Mat Min Machines Disabled 1 | . . 1 Max in Single Turn 1 | . . 1 Machines Repaired . | . . . Machines Dismantled . | . . . Machines Sabotaged . | . . . Overloaded Fab Kills . | . . . Hacking | -11 -10 -10 --------- Run | Yrd Mat Min Machines Accessed 4 | . 4 . Terminals 3 | . 3 . Fabricators . | . . . Repair Stations . | . . . Recycling Units 1 | . 1 . Scanalyzers . | . . . Garrison Access . | . . . Total Hacks 9 | . 9 . Successful 7 | . 7 . Failed 2 | . 2 . Catastrophic . | . . . Database Lockouts . | . . . Manual 1 | . 1 . Terminals 5 | . 5 . Fabricators . | . . . Repair Stations . | . . . Recycling Units 4 | . 4 . Scanalyzers . | . . . Garrison Access . | . . . Terminal Hacks 5 | . 5 . Record 1 | . 1 . Prototype ID Bank 2 | . 2 . Terminal Index 1 | . 1 . Dispatch Records 1 | . 1 . Fabricator Hacks . | . . . Repair Station Hacks . | . . . Recycling Unit Hacks 2 | . 2 . Report Inventory 1 | . 1 . Retrieve Components 1 | . 1 . Scanalyzer . | . . . Garrison Access Hacks . | . . . Unauthorized Hacks . | . . . Terminals . | . . . Fabricators . | . . . Repair Stations . | . . . Recycling Units . | . . . Scanalyzers . | . . . Garrison Access . | . . . Data Cores Recovered . | . . . Used . | . . . Hacking Detections 2 | . 2 . Full Trace Events . | . . . Feedback Events . | . . . Feedback Blocked . | . . . Robot Schematics Acquired . | . . . Robots Built . | . . . Authchips . | . . . Time . | . . . Total Robot Build Rating . | . . . Part Schematics Acquired . | . . . Parts Built . | . . . Authchips . | . . . Time . | . . . Total Part Build Rating . | . . . Parts Repaired . | . . . Time . | . . . Parts Recycled . | . . . Recycled Matter . | . . . Retrieved Matter . | . . . Retrieved Components 4 | . 4 . Parts Scanalyzed . | . . . Part Schematics Acquired . | . . . Parts Damaged . | . . . Bothacking | -11 -10 -10 ------------ Run | Yrd Mat Min Used RIF Installer . | . . . Robots Hacked . | . . . Non-combat . | . . . Combat . | . . . Robot Hacks Applied . | . . . Relay Couplers Released . | . . . Fabnet Peak Effective % . | . . . Robots Rewired . | . . . Allies Hacked . | . . . Hacks Repelled . | . . . Allies | -11 -10 -10 -------- Run | Yrd Mat Min Total Allies . | . . . Largest Group . | . . . Highest-Rated Group . | . . . Highest-Rated Ally . | . . . Total Orders . | . . . Ally Attacks . | . . . Total Damage . | . . . Kills . | . . . Allies Corrupted . | . . . Allies Melted . | . . . Intel | -11 -10 -10 ------- Run | Yrd Mat Min Active Infowar (turns) 1310 | 1 654 655 Seismic 1310 | 1 654 655 Robot Analysis Total . | . . . Derelict Logs Recovered 1 | . . 1 Drone Launches . | . . . Drone Recoveries . | . . . Exploration | -11 -10 -10 ------------- Run | Yrd Mat Min Turns Passed 1399 | 90 654 655 Spaces Moved 843 | 55 468 320 Core 11 | 7 . 4 Treads . | . . . Legs 535 | . 291 244 Wheels 225 | 48 177 . Hover . | . . . Flight 72 | . . 72 Fastest Speed 50 | 50 90 117 Average Speed 118 | 85 108 137 Slowest Speed 280 | 100 120 280 Overloaded Moves . | . . . Propulsion Burnouts . | . . . Robots Hopped . | . . . Potential Cave-ins . | . . . Cave-ins Triggered . | . . . Exploration Rate (%) 46 | 4 82 52 Regions Visited 2 Branch Regions 1 Pre-discovered Areas . | . . . Known Exits Taken . | . . . Unknown Exits Taken 2 | 1 1 . Scrap Searched 1 | . . 1 Spaces Dug . | . . . Terrain Destroyed 29 | . 16 13 Melee . | . . . Projectile . | . . . AOE 29 | . 16 13 Terrain Rammed . | . . . Walls Destroyed . | . . . Machines Disabled . | . . . Actions | -11 -10 -10 --------- Run | Yrd Mat Min Total 1090 | 82 549 459 Wait 108 | 8 23 77 Move 841 | 54 467 320 Hop . | . . . Pick Up 17 | 2 13 2 Fast Attach 11 | 6 . 5 Attach 2 | 1 . 1 Detach 1 | . . 1 Swap 15 | . 7 8 Drop 8 | . 6 2 Fire 87 | 11 33 43 Melee . | . . . Ram . | . . . Kick . | . . . Crush . | . . . Escape Stasis . | . . . Rewire . | . . . Trap . | . . . Miscellaneous . | . . . Route ------- -11/Scrapyard -10/Materials (discovered 3 exits: [*Mat] / [*Min x2]) -10/Mines (discovered 2 exits: [*Mat] / [*Sub]) History --------- Turn | Location | Event 5 | -11/Scrapyard | Discovered new exit (range 15) 91 | -11/Scrapyard | Entered Materials 160 | -10/Materials | Discovered new exit (range 5) 197 | -10/Materials | Discovered new exit (range 14) 303 | -10/Materials | Build established: Mutant 574 | -10/Materials | Discovered new exit (range 15) 614 | -10/Materials | Build established: Scavenger-Mutant 745 | -10/Materials | Entered Mines 899 | -10/Mines | Discovered new exit (range 5) 1047 | -10/Mines | Discovered new exit (range 9) 1258 | -10/Mines | Core integrity fell below 50% 1369 | -10/Mines | Assembled infested the area 1377 | -10/Mines | Learned Materials stockpile data 1399 | -10/Mines | Core integrity fell below 20% 1400 | -10/Mines | Destroyed by D-53 Grenadier with Mini Grenade Launcher Last Messages --------------- 01318_ T-07 Excavator destroyed. 01321_ Acquired 15 matter. 01339_ R-06 Scavenger collects Imp. Terrain Scanner. 01344_ R-06 Scavenger collects Lgt. Ion Engine. 01369_ ALERT: Infestation in the mines, dispatching Demolisher response squad. 01377_ Acquired derelict log, extracted data. Data stored: Materials stockpile data. 01388_ as-47083 destroyed. 01395_ C-30 ARC bursts open, deploying its payload. 01395_ D-53 Grenadier unfolds itself. 01395_ Flight Unit destroyed. 01396_ The unstable cave ceiling collapses. 01396_ as-77488 destroyed. 01396_ as-07001 destroyed. 01397_ Lgt. Ion Engine destroyed. 01399_ Particle Gun destroyed. 01399_ Lgt. Assault Rifle destroyed. Map ----- +----------------------------------------------------+ | ## #???????????????????????????????????????????? | | ##[#???????????????????????????????????????????? | | #???????????????????????????????????????????? | | ## #???????????????????????????????????????????? | | ?# #???????????????????????????????????????????? | | ?# #???????????????????????????????????????????? | | ## ##??????????????????????????????????????????? | | # ##?????????????????????????????????????????? | | #?????????????????????????????????????????? | | #?????????????????????????????????????????? | | ##????????????????????? ???????????????????? | | #?????????????????????? ?????????????????? | | #?????????????????????? [=?????????????????? | | #* ##?????????????????????? ??????????????????? | | # ##?####????????????????? !??????????????????? | | # #?# ##??? ??????????? ??????????????????? | | # ## ### ????????? g??????????????????? | | #????????% ???????????????????? | | #???????? ?????????#?#???????? | | # ##### #????????%!???????? # ##??????? | | # ##?????????#######=#???????? # ???????? | | #??????????# ###?????% ????????? | | ##?????????# # ##???? ? #??????? | | #?????????# # #??? # #???????? | | #?????????# # #### #???????? | | ## ##????????##u @ % a #??????????? | | #?# ##????????## a##### #??????????? | | #?# #????????## #???????????????? | | #### ########## ##???????????????? | | % d #????????????????? | | d ### ######????????????????? | | ################ #?##??????????????????????? | | ???????????????## #?????????????????????????? | | ????????????????## ##?????????????????????????? | | ?????????????????####??????????????????????????? | | ???????????????????????????????????????????????? | | | | | | | | | | | | | | | | | | | | | | | | | | | | | +----------------------------------------------------+ Best States ------------- Heat Dissipation 25 Energy Generation 14 Energy Capacity 160 Matter Stores 300 Matter Capacity 300 Sight Range 16 Terrain Scan Density 10 Evasion (%) 55 Item Schematics ----------------- None Robot Schematics ------------------ None Fabricated ------------ Nothing Repaired ---------- Nothing Alien Tech Used ----------------- None Achievements -------------- None Challenges ------------ None Game ------ Seed TacticalBackupDissipator Manual? 0 Play Time 00:14:19 Cumulative 22.1 hours Start 2025.05.11 @ 17:13:09 End 2025.05.11 @ 17:26:46 Sessions 1 Manual Loads 0 Difficulty Rogue Special Mode None Game No. 38 Rogue 38 Adventurer 0 Explorer 0 Win Type - Total 0 Types 0/0/0/0/0/0/0/0/0/0 Lore% 12 Gallery% 24 Achievement% 24 Wizard Run 0 Options --------- Layout 1 ASCII 0 Keyboard 0 Movement Mouse Keybinds 0 Fullscreen 1 Font 24/Smallcaps Map View 50x35 Zoom Use 0% Tactical HUD 1 Map Filters NONE Filters NONE Steam 1 RUN: 2485f823-a0b3-40cd-9d7d-a862aecb5e1e